 Dungeon Crawl Stone Soup version 0.30.1 (webtiles) character file.

Game seed: 1522314412084271339

45 sweetbreads the Trooper (level 3, 0/33 HPs)
             Began as a Minotaur Berserker on July 4, 2023.
             Was a Believer of Trog.
             Slain by an orc
             ... wielding a +0 hand axe
              (2 damage)
             ... on level 2 of the Dungeon.
             The game lasted 00:03:36 (1022 turns).

sweetbreads the Trooper (Minotaur Berserker)        Turns: 1022, Time: 00:03:36

Health: 0/33       AC:  2    Str: 23    XL:     3   Next: 42%
Magic:  2/2        EV: 12    Int:  4    God:    Trog [**....]
Gold:   113        SH:  0    Dex:  9    Spells: 2/2 levels left

rFire   . . .        a - +0 hand axe
rCold   . . .        (no shield)
rNeg    . . .        b - +0 animal skin
rPois   .            (helmet restricted)
rElec   .            (no cloak)
rCorr   .            (no gloves)
SInv    .            (no boots)
Will    .....        (no amulet)
Stlth   +            (no ring)
HPRegen 0.25/turn    (no ring)
MPRegen 0.08/turn

%: no passive effects
@: no status effects
A: horns 2, retaliatory headbutt
a: Renounce Religion, Berserk, Trog's Hand


You were on level 2 of the Dungeon.
You worshipped Trog.
Trog was pleased with you.
You visited 1 branch of the dungeon, and saw 3 of its levels.

You collected 113 gold pieces.

Inventory:

Hand Weapons
 a - a +0 hand axe (weapon)
 e - a +0 dagger of draining
 f - a +0 whip of venom
Armour
 b - a +0 animal skin (worn)
 c - a +0 buckler
Scrolls
 d - a scroll of noise {unknown}
 g - a scroll of blinking {unknown}
 h - a scroll of fog {unknown}
 j - a scroll of fear {unknown}
 k - a scroll of enchant weapon {unknown}
 m - a scroll of amnesia {unknown}
 n - 2 scrolls of vulnerability {unknown}
Potions
 i - a potion of mutation {unknown}
 l - a potion of magic {unknown}
 o - a potion of berserk rage {unknown}
 p - a potion of invisibility {unknown}


   Skills:
 + Level 4.2 Fighting
 - Level 4.0 Axes
 * Level 3.0 Armour
 * Level 2.7 Dodging
 * Level 1.2 Shields


You had 2 spell levels left.
You didn't know any spells.
Your spell library was empty.

Dungeon Overview and Level Annotations

Branches:
Dungeon (3/15)

Altars:

Shops:
D:2 ?


Innate Abilities, Weirdness & Mutations

You have a pair of horns on your head.
You reflexively headbutt those who attack you in melee.


Message History

You kill the ball python!
Trog accepts your kill.
You now have 113 gold pieces (gained 16).
You have 113 gold pieces.
There is an entrance to Xixkiy's Magic Scroll Shop here.
There is an entrance to Xixkiy's Magic Scroll Shop here.
Found 6 poisoned darts.
There is a stone staircase leading down here.
You climb downwards.
The orc shouts! x3; The orc wizard shouts!
The orc shouts!
There is a stone staircase leading up here.
You hit the orc but do no damage. Your headbutt misses the orc.
The orc hits you with a +0 falchion!
The orc throws a boomerang.
The boomerang closely misses you.
Unknown command.
The orc closely misses you. You furiously retaliate!
You headbutt the orc!
You kill the orc!
Trog accepts your kill.
The orc throws a boomerang.
The boomerang barely misses you. The orc hits you with a +0 hand axe.
The orc hits you but does no damage.
Your Armour skill increases to level 3!
You climb upwards.
There is a stone staircase leading down here.
You hit the orc.
The orc is heavily wounded.
You completely miss the orc. The orc hits you with a +0 club.
The orc hits you with a +0 hand axe.
You hit the orc but do no damage. You barely miss the orc. The orc misses you.
The orc hits you with a +0 hand axe.
You barely miss the orc.
The orc is heavily wounded.
You hit the orc but do no damage. The orc hits you with a +0 club.
* * * LOW HITPOINT WARNING * * *
The orc hits you with a +0 hand axe.
* * * LOW HITPOINT WARNING * * *
Unknown command.
The orc attacks as you move away! The orc hits you with a +0 hand axe.
* * * LOW HITPOINT WARNING * * *
The orc attacks as you move away! The orc hits you with a +0 hand axe.
You die...

#######.............#
....[...####........##
######### #..†....... ####
###........## #..
.########...###.#### #.#
(.........#####.# ##
##.##########>......#.# #.
#.........# #oo........
#.....
#.........###@.........
#....#
#..∩.........................
#.........###..........#.....
#.........# #.........###...#
#...<÷..).# #.........# #...
#..........##.........# #...
#..........##.........#
#.....................#
#.##.###.####.........#


You could see 2 orcs.

Vanquished Creatures
  2 adders (D:2)
  A dart slug (D:2)
  An orc (D:3)
  2 goblins (D:1)
  4 hobgoblins
  4 ball pythons
  3 bats (D:1)
  A frilled lizard (D:1)
  4 kobolds (D:1)
  5 rats
27 creatures vanquished.

Notes
Turn   | Place    | Note
-------+----------+-------------------------------------------
     0 | D:1      | sweetbreads the Minotaur Berserker began the quest for the
                  | Orb.
     0 | D:1      | Reached XP level 1. HP: 19/19 MP: 0/0
   195 | D:1      | Reached XP level 2. HP: 21/27 MP: 1/1
   556 | D:2      | Found Xixkiy's Magic Scroll Shop.
   561 | D:2      | Reached skill level 1 in Shields
   561 | D:2      | Reached XP level 3. HP: 31/33 MP: 2/2
   671 | D:2      | Reached ** piety under Trog
  1021 | D:2      | HP: 1/33 [orc/+0 hand axe (1)]
  1022 | D:2      | Slain by an orc

Illustrated notes

Levels and vault maps discovered:
D:1:      onia_arrival_mini_maze, layout_loops_ring
D:2:      layout_rooms, serial_shops, shop,
          dreamdust_ecumenical_altar_hidden_monk_grotto
D:3:      layout_rooms, minmay_pentomino_pile

Skill      XL: |  1  2  3 |
---------------+----------+-----
Axes           | 4 |  4.0
Fighting       | 4 |  4.2
Shields        | 1 |  1.2
Armour         | 3 |  3.0
Dodging        | |  2.7

Action                     || total
---------------------------++-------
  Melee: Hand axe          ||    57
         Headbutt          ||     3
 Armour: Animal skin       ||     8
  Dodge: Dodged            ||    40
